 Dungeon Crawl Stone Soup version 0.19-a0-753-gae73b43 (console) character file.

7177 brucemayne the Cleaver (level 10, -5/76 HPs)
             Began as a Vampire Berserker on June 25, 2016.
             Was a Priest of Trog.
             Slain by a guardian serpent (13 damage)
             ... on level 3 of the Lair of Beasts.
             The game lasted 00:24:38 (4588 turns).

brucemayne the Cleaver (Vampire Berserker)          Turns: 4588, Time: 00:24:38

Health: -5/76      AC: 20    Str: 19    XL:     10   Next: 86%
Magic:  10/10      EV:  1    Int: 11    God:    Trog [***...]
Gold:   348        SH:  0    Dex: 13    Spells: 0 memorised, 9 levels left

rFire  . . .     SeeInvis +     s - +1 war axe
rCold  . . .     Gourm    .     A - +0 plate armour
rNeg   + . .     Faith    .     (no shield)
rPois  +         Spirit   .     i - +0 helmet
rElec  .         Dismiss  .     j - +1 cloak
rCorr  .         Reflect  .     a - +2 pair of gloves {archery}
SustAt .         Harm     .     g - +0 pair of boots
MR     +++..                    (no amulet)
Stlth  ..........               f - ring of poison resistance
                                L - +1 ring of protection

@: lethally poisoned (-5 -> -5), exhausted, regenerating, slowed, very slow,
extremely resistant to hostile enchantments, extremely unstealthy
A: fangs 3, see invisible, unbreathing
a: Bat Form, Berserk, Trog's Hand, Burn Spellbooks, Renounce Religion


You were on level 3 of the Lair of Beasts.
You worshipped Trog.
Trog was most pleased with you.
You were not thirsty.

You visited 3 branches of the dungeon, and saw 13 of its levels.
You also visited: Ossuary.

You collected 348 gold pieces.

Inventory:

Hand Weapons
 s - a +1 war axe (weapon)
 D - a +2 flail of protection
Armour
 a - a +2 pair of gloves of archery (worn)
 g - a +0 pair of boots (worn)
 i - a +0 helmet (worn)
 j - a +1 cloak (worn)
 A - a +0 plate armour (worn)
Jewellery
 f - a ring of poison resistance (right hand)
 o - a +4 ring of intelligence
 u - an uncursed ring of stealth
 y - an uncursed ring of fire
 L - a +1 ring of protection (left hand)
Scrolls
 c - 2 scrolls of recharging {unknown}
 d - 5 scrolls of remove curse
 p - 6 scrolls of identify
 q - a scroll of fog
 v - a scroll of magic mapping {unknown}
 C - 5 scrolls of enchant weapon
 M - 2 scrolls of silence {unknown}
Potions
 b - a potion of lignification {unknown}
 e - a potion of berserk rage
 h - 2 potions of curing
 l - 8 potions of blood
 n - a potion of mutation {unknown}
 r - a potion of haste {unknown}
 t - 2 potions of agility {unknown}
 w - 2 potions of cure mutation {unknown}
 z - 3 potions of flight
 B - a potion of degeneration {unknown}
 E - a potion of cancellation
 F - a potion of heal wounds {unknown}
 J - a potion of magic {unknown}
Books
 k - a book of Debilitation

   Spells                             Type                      Level
   a - Corona                         Hexes                        1
   b - Slow                           Hexes                        2
   c - Gell's Gravitas                Hexes/Translocation          3
   d - Inner Flame                    Hexes/Fire                   3
   e - Cause Fear                     Hexes                        4
   f - Leda's Liquefaction            Hexes/Earth                  4
   Trog disapproves of the use of such an item.
Miscellaneous
 m - a fan of gales


   Skills:
 + Level 6.2 Fighting
 + Level 13.2 Axes
 - Level 4.6 Armour
 - Level 2.1 Dodging


You had 9 spell levels left.
You didn't know any spells.

Dungeon Overview and Level Annotations

Branches:
Dungeon (8/15)             Temple (1/1) D:6            Lair (4/6) D:8
  Snake (0/4) Lair:3
  Swamp: Lair:2-4    Shoals: Lair:2-4

Altars:
Gozag
Makhleb
Qazlal
Ru
Vehumet

Shops:
D:6 ?

Annotations:
Lair:3 exclusion: downstairs


Innate Abilities, Weirdness & Mutations

You have razor-sharp teeth.
You have supernaturally acute eyesight. (SInv)
You can survive without breathing.


Message History

The guardian serpent coils itself and waves its upper body at you.
You resist with almost no effort.
Unknown command.
You feel the effects of Trog's Hand fading.
The guardian serpent casts a spell at you.
The bolt of poison hits you!
You are poisoned.
You resist.
Unknown command.
You feel sick. The guardian serpent hits you!
There is a stone staircase leading up, spattered with blood here.
You feel sick.
The guardian serpent hits you but does no damage.
The blink frog hits you but does no damage.
The guardian serpent hits you!
* * * LOW HITPOINT WARNING * * *
The blink frog hits you!
* * * LOW HITPOINT WARNING * * *
The guardian serpent hits you!
You die...

#..P...# ###.....##
P#........# ## ..........#
#.# # ..........##.#...
.>.............#
...........#####
...........#####
..........#.S@.###
........##..F....##
.......##...รท8....##
......##....#.##...## ..
.....##...#######...## ...
.....#....####.##....#
....
..###....#.....##...##....
..........................
..#8.....8..>..8.....8#.P#


You could see a guardian serpent and a blink frog.

Vanquished Creatures
  The ghost of Yehuk the Fighter, a journeyman DEFE of Vehumet (Lair:2)
  A black mamba (Lair:3)
  3 spiny frogs
  10 yaks
  A basilisk (Lair:2)
  A hippogriff (Lair:2)
  3 wargs (D:8)
  Menkaure (D:6)
  2 porcupines
  3 soldier ants (Lair:2)
  2 water moccasins (Lair:3)
  2 sky beasts
  A black bear (D:8)
  A phantom (D:5)
  An orc warrior (D:7)
  3 crocodiles
  4 giant frogs
  A wyvern zombie (D:8)
  2 elf skeletons (D:4)
  A wyvern skeleton (D:8)
  A scorpion (D:5)
  A centaur zombie (D:8)
  A human zombie (D:4)
  A centaur skeleton (D:7)
  2 hounds
  A jelly (D:7)
  2 orc priests
  A giant frog skeleton (D:7)
  2 human skeletons (D:4)
  Natasha (D:4)
  6 orc wizards
  8 worker ants
  2 big kobold zombies (Ossuary)
  A mummy (Ossuary)
  7 adders
  15 river rats
  2 shadow imps
  An ooze (D:6)
  A worm (D:4)
  2 dart slugs (D:2)
  2 giant geckos
  22 orcs
  3 spectral bats (Ossuary)
  4 bats
  A giant cockroach (D:2)
  3 gnoll zombies (Ossuary)
  A goblin (D:3)
  3 hobgoblins
  12 jackals
  8 kobolds
  2 quokkas
  2 ball pythons
  9 giant newts
  4 goblin zombies (Ossuary)
  3 hobgoblin zombies (Ossuary)
  2 kobold zombies (Ossuary)
  3 orc skeletons (D:4)
  2 orc zombies (Ossuary)
  6 rats
  6 spectral goblins (Ossuary)
  6 spectral kobolds (Ossuary)
  2 spectral rats (Ossuary)
208 creatures vanquished.

Vanquished Creatures (others)
  An orc wizard (D:7)
  An orc (D:7)
  3 plants
5 creatures vanquished.

Grand Total: 213 creatures vanquished

Notes
Turn   | Place    | Note
--------------------------------------------------------------
     0 | D:1      | brucemayne the Vampire Berserker began the quest for the Orb.
     0 | D:1      | Reached XP level 1. HP: 17/17 MP: 1/1
   192 | D:2      | Reached skill level 3 in Axes
   192 | D:2      | Reached XP level 2. HP: 23/23 MP: 2/2
   443 | D:1      | Reached XP level 3. HP: 20/28 MP: 3/3
   458 | D:1      | Reached ** piety under Trog
   663 | D:2      | Reached skill level 4 in Axes
   946 | D:3      | Reached XP level 4. HP: 22/34 MP: 4/4
  1077 | D:3      | Reached skill level 5 in Axes
  1142 | D:4      | Reached XP level 5. HP: 39/39 MP: 5/5
  1151 | D:4      | Reached *** piety under Trog
  1336 | D:4      | Noticed Natasha
  1353 | D:4      | Killed Natasha
  1445 | D:4      | Reached skill level 6 in Axes
  1521 | D:4      | Reached XP level 6. HP: 33/46 MP: 6/6
  1562 | D:4      | Found a sand-covered staircase.
  1568 | Ossuary  | Entered an ossuary
  1582 | Ossuary  | Reached skill level 7 in Axes
  1861 | D:5      | Entered Level 5 of the Dungeon
  1924 | D:5      | Reached XP level 7. HP: 51/51 MP: 7/7
  2080 | D:6      | Found a staircase to the Ecumenical Temple.
  2100 | Temple   | Entered the Ecumenical Temple
  2129 | D:6      | Found Loboysirgh's Magic Scroll Shoppe.
  2148 | D:6      | Identified a scroll of acquirement
  2173 | D:5      | Noticed Menkaure
  2189 | D:6      | Killed Menkaure
  2189 | D:6      | Reached skill level 8 in Axes
  2407 | D:8      | Reached skill level 9 in Axes
  2407 | D:8      | Reached XP level 8. HP: 28/57 MP: 8/8
  3107 | D:8      | Reached skill level 10 in Axes
  3116 | D:8      | Found a staircase to the Lair.
  3130 | D:8      | Reached skill level 5 in Fighting
  3130 | D:8      | Reached XP level 9. HP: 46/68 MP: 9/9
  3231 | Lair:1   | Entered Level 1 of the Lair of Beasts
  3341 | Lair:2   | Noticed Yehuk's ghost (journeyman DEFE)
  3343 | Lair:2   | Noticed a spiny frog
  3364 | Lair:1   | Killed a spiny frog
  3432 | Lair:1   | Noticed a five-headed hydra
  3468 | Lair:2   | Killed Yehuk's ghost
  3468 | Lair:2   | Reached skill level 11 in Axes
  3624 | Lair:3   | Reached **** piety under Trog
  3669 | Lair:4   | Noticed a spiny frog
  3689 | Lair:3   | Reached XP level 10. HP: 73/74 MP: 10/10
  3865 | Lair:2   | Reached skill level 12 in Axes
  4356 | Lair:2   | Reached skill level 13 in Axes
  4397 | Lair:3   | Noticed a spiny frog
  4411 | Lair:3   | Killed a spiny frog
  4450 | Lair:4   | Killed a spiny frog
  4480 | Lair:4   | Noticed a seven-headed hydra
  4529 | Lair:3   | Noticed a black mamba
  4540 | Lair:3   | Killed a black mamba
  4572 | Lair:3   | Found a staircase to the Snake Pit.
  4575 | Lair:3   | Noticed a guardian serpent
  4588 | Lair:3   | Slain by a guardian serpent

Vault maps used:
D:1:      minmay_arrival_hallway
D:3:      eat_drink_and_be_merry_uskayaw, minmay_lizard_king
D:4:      serial_glass, glass_columns_c, glass_columns_b,
          nicolae_ossuary_entry_catacombs, serial_bayou_pond_a,
          minmay_checkerbox, uniq_natasha
D:5:      first_bread, fedhas_altar_2, uniq_menkaure
D:6:      serial_shops, shop, basic_altar
D:8:      kennysheep_six_static_rooms, erik_lair_orcish_takeover
Temple:   regret_index_temple_sigil_plot
Lair:1:   wad_woods_04, serial_bayou_shore_a, uniq_gastronok
Lair:2:   minmay_stone_trees_medium, zaba_antful_of_joy
Lair:3:   minmay_swamp_entry_swarm, minmay_snake_entry_spellcaster,
          grunt_megastairs_5
Ossuary:  ossuary_zaba_two_paths

Skill      XL: |  1  2  3  4  5  6  7  8  9 10 |
---------------+-------------------------------+-----
Axes           | 3 4 5 6 7 9 10 11 13 | 13.2
Fighting       | 5 6 |  6.2
Armour         | 4 |  4.6
Dodging        | |  2.1

Action                   |  1- 3 |  4- 6 |  7- 9 | 10-12 || total
-------------------------+-------+-------+-------+-------++-------
Melee: Hand axe          |    80 |       |       |       ||    80
       Bite              |     6 |    29 |    36 |    34 ||   105
       War axe           |    19 |   249 |   258 |   155 ||   681
Invok: Berserk           |     3 |     2 |     6 |     5 ||    16
       Trog's Hand       |       |     6 |     7 |     8 ||    21
  Use: Potion            |     3 |     9 |    14 |    12 ||    38
       Scroll            |       |     1 |    12 |     6 ||    19
 Stab: Sleeping          |     1 |       |       |       ||     1
Armor: Animal skin       |    30 |       |       |       ||    30
       Chain mail        |     6 |   173 |    96 |       ||   275
       Ring mail         |     5 |       |       |       ||     5
       Plate armour      |       |       |   101 |   120 ||   221
Dodge: Dodged            |    93 |   107 |   133 |    46 ||   379
